 Dungeon Crawl Stone Soup version 0.23.2-1-ga50397a (webtiles) character file.

Game seed: 3177660131247454955

86 whitewolfNL the Skirmisher (level 4, 0/61 HPs)
             Began as a Minotaur Berserker on May 29, 2019.
             Was a Believer of Trog.
             Slain by an orc priest (1 damage)
             ... on level 2 of the Dungeon.
             The game lasted 00:03:26 (1156 turns).

whitewolfNL the Skirmisher (Minotaur Berserker)     Turns: 1156, Time: 00:03:27

Health: 0/61       AC:  3    Str: 27    XL:     4   Next: 27%
Magic:  3/3        EV: 12    Int:  4    God:    Trog [**....]
Gold:   88         SH:  0    Dex: 10    Spells: 3/3 levels left

rFire    . . .     SeeInvis .   o - -1 mace (curse)
rCold    . . .     Gourm    .   (no shield)
rNeg     . . .     Faith    .   b - +0 animal skin
rPois    .         Spirit   .   (helmet restricted)
rElec    .         Reflect  .   (no cloak)
rCorr    .         Harm     .   i - +0 pair of gloves
MR       .....                  (no boots)
Stlth    ..........             (no amulet)
HPRegen  0.20/turn              (no ring)
MPRegen  0.08/turn              (no ring)

@: berserking, very quick
A: retaliatory headbutt, horns 2
a: Berserk, Trog's Hand, Renounce Religion


You were on level 2 of the Dungeon.
You worshipped Trog.
Trog was pleased with you.
You were hungry.

You visited 1 branch of the dungeon, and saw 2 of its levels.

You collected 88 gold pieces.

Inventory:

Hand Weapons
 o - a cursed -1 mace (weapon)
Missiles
 d - 17 bolts
 k - 2 tomahawks (quivered)
 l - 17 arrows
 q - 6 stones
Armour
 b - a +0 animal skin (worn)
 i - a +0 pair of gloves (worn)
Scrolls
 a - a scroll of enchant weapon {unknown}
 j - a scroll of immolation {unknown}
 m - a scroll of teleportation {unknown}
 n - a scroll of magic mapping {unknown}
Potions
 e - 2 potions of heal wounds {unknown}
 f - a potion of brilliance {unknown}
 g - 2 potions of might {unknown}
 p - 3 potions of curing {unknown}
 r - a potion of haste {unknown}
Comestibles
 c - 5 rations
 h - a chunk of flesh


   Skills:
 * Level 4.9 Fighting
 * Level 4.9 Maces & Flails
 * Level 1.1 Throwing
 - Level 2.4 Armour
 - Level 2.1 Dodging


You had 3 spell levels left.
You didn't know any spells.
Your spell library was empty.

Dungeon Overview and Level Annotations

Branches:
Dungeon (2/15)

Altars:


Innate Abilities, Weirdness & Mutations

You reflexively headbutt those who attack you in melee.
You have a pair of horns on your head.


Message History

You are feeling hungry.
The orc completely misses you. You furiously retaliate!
You headbutt the orc. You hit the orc.
The orc is severely wounded.
The orc hits you with a +0 falchion!
* * * LOW HITPOINT WARNING * * *
You sock the orc!
You kill the orc!
Trog accepts your kill.
You can now call upon Trog for regeneration and magic resistance.
You completely miss the orc priest.
The orc priest calls down the wrath of Beogh upon you.
Beogh smites you!
* * * LOW HITPOINT WARNING * * *
You barely miss the orc priest.
You hit the orc priest but do no damage.
You headbutt the orc priest.
The orc priest is lightly wounded.
The orc priest hits you.
You die...

#.# #.# #.# #.#
#.# #.# #.# #.#
#@# #o##########
#......o...#######
##########........
#########


You could see an orc priest.

Vanquished Creatures
  5 adders (D:2)
  4 dart slugs
  2 leopard geckos (D:2)
  2 orcs (D:2)
  2 ball pythons
  2 goblins (D:1)
  4 hobgoblins
  3 kobolds
  5 bats
  3 frilled lizards
  A rat (D:2)
33 creatures vanquished.

Notes
Turn   | Place    | Note
-------+----------+-------------------------------------------
     0 | D:1      | whitewolfNL the Minotaur Berserker began the quest for the
                  | Orb.
     0 | D:1      | Reached XP level 1. HP: 19/19 MP: 0/0
   242 | D:1      | Reached XP level 2. HP: 27/27 MP: 1/1
   623 | D:2      | Reached XP level 3. HP: 29/34 MP: 2/2
   895 | D:2      | Reached XP level 4. HP: 27/41 MP: 3/3
  1087 | D:2      | Reached skill level 1 in Throwing
  1153 | D:2      | Reached ** piety under Trog
  1154 | D:2      | HP: 1/61 [orc priest/divine providence (15)]
  1156 | D:2      | Slain by an orc priest

Skill      XL: |  1  2  3  4 |
---------------+-------------+-----
Fighting       | 4 |  4.9
Maces & Flails | 4 |  4.9
Throwing       | 1 |  1.1
Armour         | |  2.4
Dodging        | |  2.1

Action                   |  1- 3 |  4- 6 || total
-------------------------+-------+-------++-------
Melee: Mace              |    40 |    18 ||    58
       Headbutt          |     3 |     4 ||     7
Invok: Berserk           |       |     1 ||     1
  Eat: Chunk             |       |     1 ||     1
Armor: Animal skin       |     7 |     4 ||    11
Dodge: Dodged            |    30 |     7 ||    37
